 Dungeon Crawl Stone Soup version 0.19.1 (webtiles) character file.

33 esteth the Firebug (level 3, -40/19 HPs)
             Began as a Gargoyle Fire Elementalist on Dec 15, 2016.
             Killed from afar by a leopard gecko (47 damage)
             ... with an exploding inner flame
             ... hexed by the player character
             ... on level 2 of the Dungeon.
             The game lasted 00:03:16 (1529 turns).

esteth the Firebug (Gargoyle Fire Elementalist)     Turns: 1529, Time: 00:03:16

Health: -40/19     AC:  5    Str: 11    XL:     3   Next: 29%
Magic:  0/6        EV: 12    Int: 16    God:
Gold:   43         SH:  0    Dex: 10    Spells: 2 memorised, 2 levels left

rFire  . . .     SeeInvis .     (no weapon)
rCold  . . .     Gourm    .     a - +0 robe
rNeg   + . .     Faith    .     (no shield)
rPois  ∞         Spirit   .     (no helmet)
rElec  +         Reflect  .     (no cloak)
rCorr  .         Harm     .     (no gloves)
MR     .....                    (no boots)
Stlth  ++........               (no amulet)
                                (no ring)
                                (no ring)

@: no status effects
A: negative energy resistance 1, electricity resistance, unbreathing,
petrification resistance, rot immunity, AC +3
a: no special abilities


You were on level 2 of the Dungeon.
You were hungry.

You visited 1 branch of the dungeon, and saw 2 of its levels.

You collected 43 gold pieces.

Inventory:

Armour
 a - a +0 robe (worn)
Scrolls
 d - a scroll of teleportation {unknown}
 h - 2 scrolls of identify {unknown}
 i - a scroll of recharging {unknown}
Potions
 e - a potion of ambrosia {unknown}
Books
 b - a book of Flames

   Spells                             Type                      Level
   a - Flame Tongue                   Conjuration/Fire             1
   b - Throw Flame                    Conjuration/Fire             2
   c - Conjure Flame                  Conjuration/Fire             3
   d - Inner Flame                    Hexes/Fire                   3
   e - Sticky Flame                   Conjuration/Fire             4
   f - Fireball                       Conjuration/Fire             5
Comestibles
 c - 2 bread rations
 g - a meat ration


   Skills:
 - Level 1.5 Dodging
 - Level 2.2 Stealth
 + Level 2.3 Spellcasting
 + Level 2.1 Conjurations
 + Level 3.5 Fire Magic


You had 2 spell levels left.
You knew the following spells:

 Your Spells              Type           Power        Failure   Level  Hunger
a - Flame Tongue          Conj/Fire      ##...        10%         1    #......
b - Inner Flame           Hex/Fire       #.......     34%         3    ###....


Dungeon Overview and Level Annotations

Branches:
Dungeon (2/15)

Altars:

Annotations:
D:2 Robin


Innate Abilities, Weirdness & Mutations

You are resistant to torment.
Your stone body is resilient. (AC +3)
You are immune to poison.
You resist negative energy. (rN+)
You are resistant to electric shocks. (rElec)
You can survive without breathing.
You are immune to petrification.
You are immune to rotting.


Message History

Casting: Flame Tongue
Confirm with . or Enter, or press ? or * to list all spells.
You don't have enough magic to cast that spell.
The leopard gecko bites you but does no damage.
The hobgoblin closely misses you. The goblin completely misses you.
The hobgoblin closely misses you. The goblin hits you but does no damage.
All of the chunks of flesh in your inventory have rotted away.
The hobgoblin barely misses you. The goblin barely misses you.
Casting: Flame Tongue
Confirm with . or Enter, or press ? or * to list all spells.
Aiming: Flame Tongue
Press: ? - help, Shift-Dir - straight line, f/p - leopard gecko
Aim: a leopard gecko (heavily wounded, inner flame)
The flame tongue hits the leopard gecko.
The leopard gecko explodes!
The fiery explosion engulfs you!
Ouch! That really hurt!
You die...

...####......####....######......
......#..........................
.............####....###......##.
.............##........g....#..g.
.............#.......###....#.##.
...###...##..#.....g..###.......)
.[.########..#....gg..# #.......#
.............#..§g§...# #.......'
......####...#..@§gg.####.......#
......).........§§g....####.##.#.
...##........##...##...####.##...
#......>.+.....+..........<..
......#+#...##....#...####.##.#.
...##. #...##....########.##.#.
#... .. #...##....######...##...
... ... #................#.##...
## ......#......##.###########...


You could see 3 hobgoblins and 4 goblins.

Vanquished Creatures
  An adder (D:2)
  A leopard gecko (D:1)
  4 bats
  A giant cockroach (D:1)
  6 goblins
  4 hobgoblins (D:1)
  A quokka (D:2)
  2 frilled lizards (D:1)
  2 kobolds (D:1)
22 creatures vanquished.

Notes
Turn   | Place    | Note
-------+----------+-------------------------------------------
     0 | D:1      | esteth the Gargoyle Fire Elementalist began the quest for the Orb.
     0 | D:1      | Reached XP level 1. HP: 10/10 MP: 3/3
   224 | D:1      | Reached XP level 2. HP: 15/15 MP: 1/5
  1211 | D:2      | Reached XP level 3. HP: 16/19 MP: 0/6
  1267 | D:2      | Learned a level 3 spell: Inner Flame
  1442 | D:2      | Noticed Robin
  1529 | D:2      | Killed from afar by a leopard gecko

Skill      XL: |  1  2  3 |
---------------+----------+-----
Conjurations   | 2 |  2.1
Dodging        | |  1.5
Stealth        | |  2.2
Spellcasting   | |  2.3
Fire Magic     | |  3.5

Action                   || total
-------------------------++-------
Melee: Unarmed           ||    17
 Cast: Flame Tongue      ||    41
       Inner Flame       ||     3
  Eat: Chunk             ||     2
Armor: Robe              ||    30
Dodge: Dodged            ||    60
